| TOP OF THE 1ST |
|
Seattle Mariners batting - Pitching for Texas Rangers : RHP Kelly Goosecock
|
|
Pitching: RHP Kelly Goosecock
|
|
|
Batting: SHB Robbie Rogers
|
0-0: Ball 1-0: Ball 2-0: Called Strike 2-1: Fly out, F7 (Line Drive, 78S, EV 105.6 MPH)
|
|
Batting: RHB Jose Vasquez
|
0-0: SINGLE (Groundball, 56D, EV 108.1 MPH)
|
|
Batting: RHB Steve Jordan
|
0-0: Foul Ball, location: 2F 0-1: Foul Ball, location: 2F 0-2: Ball 1-2: Foul Ball, location: 2F 1-2: Foul Ball, location: 2F 1-2: SINGLE (Groundball, 56D, EV 101.9 MPH) Jose Vasquez to second
|
|
Batting: RHB Tony Vargas
|
0-0: Grounds into double play, 4-6-3 (Groundball, 4, EV 81.9 MPH)
|
| Top of the 1st over - 0 runs, 2 hits, 0 errors, 1 left on base; Seattle 0 - Texas 0 |
| BOTTOM OF THE 1ST |
|
Texas Rangers batting - Pitching for Seattle Mariners : LHP Antonio Diaz
|
|
Pitching: LHP Antonio Diaz
|
|
|
Batting: LHB Sean Geisler
|
0-0: Ball 1-0: Fly out, F7 (Line Drive, 7S, EV 86.9 MPH)
|
|
Batting: RHB Marc Peckermark
|
0-0: Ball 1-0: Called Strike 1-1: Fly out, F9 (Flyball, 9, EV 93.8 MPH)
|
|
Batting: SHB Addick de Vries
|
0-0: Called Strike 0-1: Swinging Strike 0-2: Foul Ball, location: 2F 0-2: Ball 1-2: Foul Ball, location: 2F 1-2: Strikes out looking
|
| Bottom of the 1st over - 0 runs, 0 hits, 0 errors, 0 left on base; Seattle 0 - Texas 0 |
| TOP OF THE 2ND |
|
Seattle Mariners batting - Pitching for Texas Rangers : RHP Kelly Goosecock
|
|
Batting: RHB Pavpv Ivanushkin
|
0-0: Called Strike 0-1: Swinging Strike 0-2: Strikes out swinging
|
|
Batting: RHB Harutomi Matsubara
|
0-0: Called Strike 0-1: Foul Ball, location: 2F 0-2: Strikes out swinging
|
|
Batting: RHB Corey Ottinger
|
0-0: Foul Ball, location: 2F 0-1: Foul Ball, location: 2F 0-2: Ball 1-2: Foul Ball, location: 2F 1-2: Strikes out swinging
|
| Top of the 2nd over - 0 runs, 0 hits, 0 errors, 0 left on base; Seattle 0 - Texas 0 |
| BOTTOM OF THE 2ND |
|
Texas Rangers batting - Pitching for Seattle Mariners : LHP Antonio Diaz
|
|
Batting: RHB Blake Ballard
|
0-0: Ball 1-0: Swinging Strike 1-1: Foul Ball, location: 2F 1-2: Strikes out swinging
|
|
Batting: RHB Ray Llewellyn
|
0-0: Ball 1-0: Foul Ball, location: 2F 1-1: Swinging Strike 1-2: Ground out 5-3 (Groundball, 56, EV 88.1 MPH)
|
|
Batting: SHB Vince Ealy
|
0-0: Ball 1-0: Fly out, F8 (Line Drive, 8LD, EV 101.9 MPH)
|
| Bottom of the 2nd over - 0 runs, 0 hits, 0 errors, 0 left on base; Seattle 0 - Texas 0 |
| TOP OF THE 3RD |
|
Seattle Mariners batting - Pitching for Texas Rangers : RHP Kelly Goosecock
|
|
Batting: LHB Jerrod Cluck
|
0-0: Foul Ball, location: 2F 0-1: Swinging Strike 0-2: Ball 1-2: Foul Ball, location: 2F 1-2: Strikes out swinging
|
|
Batting: RHB Malik Brookshire
|
0-0: Ball 1-0: Called Strike 1-1: Ball 2-1: Called Strike 2-2: Fly out, F9 (Flyball, 9LS, EV 91.2 MPH)
|
|
Batting: SHB Robbie Rogers
|
0-0: Ball 1-0: Foul Ball, location: 2F 1-1: Fly out, F8 (Line Drive, 8LM, EV 100.0 MPH)
|
| Top of the 3rd over - 0 runs, 0 hits, 0 errors, 0 left on base; Seattle 0 - Texas 0 |
| BOTTOM OF THE 3RD |
|
Texas Rangers batting - Pitching for Seattle Mariners : LHP Antonio Diaz
|
|
Batting: RHB Ji-an Li
|
0-0: Ball 1-0: Ball 2-0: Called Strike 2-1: Ball 3-1: Ground out 4-3 (Groundball, 4, EV 108.8 MPH)
|
|
Batting: RHB Zhao-ji Chi
|
0-0: Ball 1-0: Foul Ball, location: 2F 1-1: Foul Ball, location: 2F 1-2: SINGLE (Line Drive, 4D, EV 108.1 MPH)
|
|
Batting: RHB Chris Torlak
|
0-0: SINGLE (Groundball, 56D, EV 96.2 MPH) Zhao-ji Chi to second Runner from 2nd tries for 3rd, SAFE, throw by LF made to third Chris Torlak to second
|
|
Batting: LHB Sean Geisler
|
0-0: Ball 1-0: Called Strike 1-1: Called Strike 1-2: Foul Ball, location: 2F 1-2: Strikes out looking
|
|
Batting: RHB Marc Peckermark
|
0-0: Ball 1-0: Ball 2-0: Foul Ball, location: 2F 2-1: Ball 3-1: Base on Balls
|
|
Batting: SHB Addick de Vries
|
0-0: Fielders Choice at 2nd, 5-4 (Groundball, 56, EV 85.6 MPH)
|
| Bottom of the 3rd over - 0 runs, 2 hits, 0 errors, 3 left on base; Seattle 0 - Texas 0 |
| TOP OF THE 4TH |
|
Seattle Mariners batting - Pitching for Texas Rangers : RHP Kelly Goosecock
|
|
Batting: RHB Jose Vasquez
|
0-0: Ball 1-0: Called Strike 1-1: Ball 2-1: Ball 3-1: Fly out, F9 (Flyball, 9, EV 92.5 MPH)
|
|
Batting: RHB Steve Jordan
|
0-0: Ball 1-0: Reached on error, E5 (Groundball, 56, EV 81.9 MPH)
|
|
Batting: RHB Tony Vargas
|
0-0: Foul Ball, location: 2F 0-1: Called Strike 0-2: Ball 1-2: Strikes out looking
|
|
Batting: RHB Pavpv Ivanushkin
|
0-0: Called Strike 0-1: Ball 1-1: Foul Ball, location: 2F 1-2: Ball 2-2: Fly out, F8 (Flyball, 89XD, EV 83.8 MPH)
|
| Top of the 4th over - 0 runs, 0 hits, 1 error, 1 left on base; Seattle 0 - Texas 0 |
| BOTTOM OF THE 4TH |
|
Texas Rangers batting - Pitching for Seattle Mariners : LHP Antonio Diaz
|
|
Batting: RHB Blake Ballard
|
0-0: Called Strike 0-1: Ball 1-1: Ball 2-1: Swinging Strike 2-2: Foul Ball, location: 2F 2-2: Strikes out swinging
|
|
Batting: RHB Ray Llewellyn
|
0-0: Called Strike 0-1: Called Strike 0-2: SINGLE (Flyball, 5D, EV 96.9 MPH)
|
|
Batting: SHB Vince Ealy
|
0-0: Called Strike 0-1: Foul Ball, location: 2F 0-2: SINGLE (Groundball, 56D, EV 102.5 MPH) Ray Llewellyn to second
|
|
Batting: RHB Ji-an Li
|
0-0: Swinging Strike 0-1: Foul Ball, location: 2F 0-2: Foul Ball, location: 2F 0-2: Fly out, F7 (Flyball, 7LD, EV 71.2 MPH)
|
|
Batting: RHB Zhao-ji Chi
|
0-0: Ball 1-0: Called Strike 1-1: Fly out, F3 (Popup, 3SF, EV 90.6 MPH)
|
| Bottom of the 4th over - 0 runs, 2 hits, 0 errors, 2 left on base; Seattle 0 - Texas 0 |
| TOP OF THE 5TH |
|
Seattle Mariners batting - Pitching for Texas Rangers : RHP Kelly Goosecock
|
|
Batting: RHB Harutomi Matsubara
|
0-0: Called Strike 0-1: Foul Ball, location: 2F 0-2: Foul Ball, location: 2F 0-2: Ball 1-2: Ball 2-2: Strikes out swinging
|
|
Batting: RHB Corey Ottinger
|
0-0: Ball 1-0: DOUBLE (Line Drive, 89M, EV 95.6 MPH)
|
|
Batting: LHB Jerrod Cluck
|
0-0: Called Strike 0-1: Ball 1-1: Ball 2-1: Foul Ball, location: 2F 2-2: Foul Ball, location: 2F 2-2: Strikes out swinging
|
|
Batting: RHB Malik Brookshire
|
0-0: Ground out 4-3 (Groundball, 4M, EV 87.5 MPH)
|
| Top of the 5th over - 0 runs, 1 hit, 0 errors, 1 left on base; Seattle 0 - Texas 0 |
| BOTTOM OF THE 5TH |
|
Texas Rangers batting - Pitching for Seattle Mariners : LHP Antonio Diaz
|
|
Batting: RHB Chris Torlak
|
0-0: Ball 1-0: Ball 2-0: Swinging Strike 2-1: Foul Ball, location: 2F 2-2: SINGLE (Line Drive, 7LS, EV 97.5 MPH)
|
|
Batting: LHB Sean Geisler
|
0-0: Called Strike 0-1: DOUBLE (Line Drive, 3D, EV 103.1 MPH) Chris Torlak to third Runner from 3rd tries for Home, SAFE, throw by RF to trailing runner, OUT at third! 9-3-5
|
|
Batting: RHB Marc Peckermark
|
0-0: Fly out, F4 (Popup, 4, EV 60.0 MPH)
|
|
Batting: SHB Addick de Vries
|
0-0: Ball 1-0: Called Strike 1-1: Called Strike 1-2: Ball 2-2: Fly out, F8 (Flyball, 78D, EV 109.4 MPH)
|
| Bottom of the 5th over - 1 run, 2 hits, 0 errors, 0 left on base; Seattle 0 - Texas 1 |
| TOP OF THE 6TH |
|
Seattle Mariners batting - Pitching for Texas Rangers : RHP Kelly Goosecock
|
|
Batting: SHB Robbie Rogers
|
0-0: Fly out, F8 (Flyball, 89D, EV 87.5 MPH)
|
|
Batting: RHB Jose Vasquez
|
0-0: Called Strike 0-1: Ground out 6-3 (Groundball, 6, EV 85.6 MPH)
|
|
Batting: RHB Steve Jordan
|
0-0: Ball 1-0: Ground out 4-3 (Groundball, 4D, EV 99.4 MPH)
|
| Top of the 6th over - 0 runs, 0 hits, 0 errors, 0 left on base; Seattle 0 - Texas 1 |
| BOTTOM OF THE 6TH |
|
Texas Rangers batting - Pitching for Seattle Mariners : LHP Antonio Diaz
|
|
Batting: RHB Blake Ballard
|
0-0: Called Strike 0-1: Fly out, F9 (Flyball, 9D, EV 86.9 MPH)
|
|
Pitching: LHP Greg Burngooch
|
|
|
Batting: RHB Ray Llewellyn
|
0-0: Ball 1-0: Ball 2-0: Ball 3-0: Base on Balls
|
|
Batting: SHB Vince Ealy
|
0-0: Ball 1-0: Called Strike 1-1: Called Strike 1-2: Foul Ball, location: 2F 1-2: Fly out, F8 (Flyball, 8RM, EV 86.9 MPH)
|
|
Batting: RHB Ji-an Li
|
0-0: Called Strike 0-1: Called Strike 0-2: Ball 1-2: Ball 2-2: Foul Ball, location: 2F 2-2: Ball 3-2: Base on Balls Ray Llewellyn to second
|
|
Batting: RHB Zhao-ji Chi
|
0-0: Ball 1-0: Ball 2-0: Called Strike 2-1: Foul Ball, location: 2F 2-2: Fly out, F8 (Flyball, 8RM, EV 91.9 MPH)
|
| Bottom of the 6th over - 0 runs, 0 hits, 0 errors, 2 left on base; Seattle 0 - Texas 1 |
| TOP OF THE 7TH |
|
Seattle Mariners batting - Pitching for Texas Rangers : RHP Kelly Goosecock
|
|
Batting: RHB Tony Vargas
|
0-0: Called Strike 0-1: Foul Ball, location: 2F 0-2: Fly out, F9 (Line Drive, 9S, EV 103.1 MPH)
|
|
Batting: RHB Pavpv Ivanushkin
|
0-0: Swinging Strike 0-1: Ball 1-1: Ball 2-1: Fly out, F4 (Popup, 34D, EV 62.5 MPH)
|
|
Batting: RHB Harutomi Matsubara
|
0-0: Called Strike 0-1: Foul Ball, location: 2F 0-2: Fly out, F9 (Flyball, 9S, EV 83.8 MPH)
|
| Top of the 7th over - 0 runs, 0 hits, 0 errors, 0 left on base; Seattle 0 - Texas 1 |
| BOTTOM OF THE 7TH |
|
Texas Rangers batting - Pitching for Seattle Mariners : LHP Greg Burngooch
|
|
Pitching: RHP Willie Sanchez
|
|
|
Batting: RHB Chris Torlak
|
0-0: Swinging Strike 0-1: Called Strike 0-2: Ball 1-2: Foul Ball, location: 2F 1-2: Ball 2-2: Strikes out swinging
|
|
Batting: LHB Sean Geisler
|
0-0: Ball 1-0: Foul Ball, location: 2F 1-1: TRIPLE (Flyball, 89XD, EV 107.5 MPH)
|
|
Batting: RHB Marc Peckermark
|
0-0: Fly out, F3 (Popup, 34S, EV 80.0 MPH)
|
|
Batting: SHB Addick de Vries
|
0-0: Ball 1-0: Foul Ball, location: 2F 1-1: Called Strike 1-2: Ball 2-2: Ball 3-2: SINGLE (Line Drive, 9S, EV 86.9 MPH) Sean Geisler scores
|
|
Batting: RHB Blake Ballard
|
0-0: Called Strike 0-1: Foul Ball, location: 2F 0-2: Ball 1-2: Ball 2-2: Ball Pickoff Throw to First - Error! E1 Addick de Vries to second 3-2: Ground out 5-3 (Groundball, 56S, EV 65.0 MPH)
|
| Bottom of the 7th over - 1 run, 2 hits, 1 error, 1 left on base; Seattle 0 - Texas 2 |
| TOP OF THE 8TH |
|
Seattle Mariners batting - Pitching for Texas Rangers : RHP Kelly Goosecock
|
|
Batting: RHB Corey Ottinger
|
0-0: Fly out, F8 (Flyball, 8RM, EV 93.1 MPH)
|
|
Batting: LHB Jerrod Cluck
|
0-0: Called Strike 0-1: Ball 1-1: Ball 2-1: Called Strike 2-2: Fly out, F8 (Flyball, 8LS, EV 93.1 MPH)
|
|
Batting: RHB Malik Brookshire
|
0-0: Ground out 1-3 (Groundball, 13S, EV 69.4 MPH)
|
| Top of the 8th over - 0 runs, 0 hits, 0 errors, 0 left on base; Seattle 0 - Texas 2 |
| BOTTOM OF THE 8TH |
|
Texas Rangers batting - Pitching for Seattle Mariners : RHP Willie Sanchez
|
|
Pitching: LHP David Anaya
|
|
|
Batting: RHB Ray Llewellyn
|
0-0: Ball 1-0: Ball 2-0: Fly out, F4 (Popup, 4MD, EV 48.1 MPH)
|
|
Batting: SHB Vince Ealy
|
0-0: Called Strike 0-1: Ground out 6-3 (Groundball, 6S, EV 93.8 MPH)
|
|
Batting: RHB Ji-an Li
|
0-0: Ball 1-0: Swinging Strike 1-1: Swinging Strike 1-2: Foul Ball, location: 2F 1-2: Foul Ball, location: 2F 1-2: Ball 2-2: Ball 3-2: Ground out U3 (Groundball, 3, EV 88.8 MPH)
|
| Bottom of the 8th over - 0 runs, 0 hits, 0 errors, 0 left on base; Seattle 0 - Texas 2 |
| TOP OF THE 9TH |
|
Seattle Mariners batting - Pitching for Texas Rangers : RHP Kelly Goosecock
|
|
Pitching: RHP Kyle Curve
|
|
|
Batting: SHB Robbie Rogers
|
0-0: Swinging Strike 0-1: Fly out, F8 (Flyball, 8LD, EV 90.6 MPH)
|
|
Batting: RHB Jose Vasquez
|
0-0: Ground out 6-3 (Groundball, 6MD, EV 97.5 MPH)
|
|
Batting: RHB Steve Jordan
|
0-0: Ball 1-0: Foul Ball, location: 2F 1-1: Called Strike 1-2: Strikes out swinging
|
| Top of the 9th over - 0 runs, 0 hits, 0 errors, 0 left on base; Seattle 0 - Texas 2 |
|